 Dungeon Crawl Stone Soup version 0.21-a0-228-g14ccbf3 (webtiles) character file.

77 polean the Skirmisher (level 4, -8/58 HPs)
             Began as a Human Wanderer on Aug 31, 2017.
             Was a Follower of Dithmenos.
             Mangled by a gnoll
             ... wielding a +0 halberd
              (16 damage)
             ... on level 2 of the Dungeon.
             The game lasted 00:07:56 (1569 turns).

polean the Skirmisher (Human Wanderer)              Turns: 1569, Time: 00:07:57

Health: -8/58      AC:  3    Str: 18    XL:     4   Next: 58%
Magic:  7/7        EV: 12    Int: 13    God:    Dithmenos [*.....]
Gold:   29         SH:  0    Dex: 12    Spells: 7/7 levels left

rFire    . . .     SeeInvis .   a - +2 dagger
rCold    . . .     Gourm    .   (no shield)
rNeg     . . .     Faith    .   e - +1 robe
rPois    .         Spirit   .   (no helmet)
rElec    .         Reflect  .   (no cloak)
rCorr    .         Harm     .   (no gloves)
MR       .....                  (no boots)
Stlth    ..........             (no amulet)
HPRegen  0.19/turn              (no ring)
MPRegen  0.10/turn              (no ring)

@: berserking, wreathed by umbra, very quick
A: no striking features
a: Renounce Religion


You were on level 2 of the Dungeon.
You worshipped Dithmenos.
Dithmenos was aware of your devotion.
You were not hungry.

You visited 1 branch of the dungeon, and saw 2 of its levels.

You collected 29 gold pieces.

Inventory:

Hand Weapons
 a - a +2 dagger (weapon)
Missiles
 g - 27 stones (quivered)
 h - 20 arrows
 i - 16 sling bullets
Armour
 e - a +1 robe (worn)
Wands
 d - a wand of random effects (15/48)
Scrolls
 m - a scroll of remove curse
Potions
 c - a potion of lignification
Comestibles
 f - 2 bread rations
 j - a meat ration
 k - a royal jelly
 l - a chunk of flesh


   Skills:
 * Level 5.2 Fighting
 * Level 4.1 Short Blades
 + Level 2.2 Throwing
 + Level 3.4 Armour
 + Level 2.4 Dodging
 * Level 4.7 Stealth
 + Level 2.3 Unarmed Combat
 + Level 2.0 Spellcasting
 + Level 2.5 Evocations


You had 7 spell levels left.
You didn't know any spells.

Dungeon Overview and Level Annotations

Branches:
Dungeon (2/15)

Altars:
Dithmenos


Message History

You hit the gnoll.
You kill the gnoll!
Dithmenos accepts your kill.
You closely miss the gnoll. You puncture the gnoll!
The gnoll is heavily wounded.
The gnoll barely misses you.
You hit the gnoll.
You kill the gnoll!
Dithmenos accepts your kill. The gnoll misses you.
Items here: )) †† a whip; a halberd; a gnoll corpse x2
You closely miss the gnoll. The gnoll hits you with a halberd!
* * * LOW HITPOINT WARNING * * *
You closely miss the gnoll. You puncture the gnoll!
The gnoll is heavily wounded.
The gnoll hits you with a halberd!
You die...

#..#.......#.#.......
#.
#..#.####...#.......[
#.
.S...##..............
#.
....g##..............
#.
...(...................
#.
...(..######..........
#. .###... #gg........
##


gg# #g######### #@# #.# #.# #.# #.# ##### #.# ....# ####'## ....# #.....# ....#
#.....# ########## You could see 2 gnolls and a goblin.

Vanquished Creatures
  An adder (D:2)
  2 gnolls (D:2)
  An ooze (D:1)
  A worm (D:2)
  A leopard gecko (D:2)
  4 giant cockroaches
  2 bats (D:2)
  A frilled lizard (D:1)
  2 goblins
  2 kobolds (D:2)
  7 rats
24 creatures vanquished.

Notes
Turn   | Place    | Note
-------+----------+-------------------------------------------
     0 | D:1      | polean the Human Wanderer began the quest for the Orb.
     0 | D:1      | polean set off with: a +2 dagger, a potion of berserk rage, a potion of lignification, a wand of random effects (15/48), a +0 robe, a bread ration
     0 | D:1      | Reached XP level 1. HP: 18/18 MP: 1/1
   554 | D:1      | Reached XP level 2. HP: 24/24 MP: 2/2
  1026 | D:2      | Reached skill level 5 in Fighting
  1026 | D:2      | Reached XP level 3. HP: 33/33 MP: 2/6
  1409 | D:2      | Reached XP level 4. HP: 39/39 MP: 7/7
  1499 | D:2      | Found a faded altar of an unknown god.
  1507 | D:2      | Became a worshipper of Dithmenos the Shadowed
  1507 | D:2      | Reached * piety under Dithmenos
  1569 | D:2      | Mangled by a gnoll

Vault maps used:
D:1:      mainiacjoe_arrival_reflecting_pool, hangedman_decor_peaks_small,
          st_stairs_9
D:2:      chequers_temple_overflow_minitemple, first_bread,
          chequers_ecumenical_altar_simple_redux

Skill      XL: |  1  2 |
---------------+-------+-----
Fighting       | 5 |  5.2
Short Blades   | 4 |  4.1
Throwing       | 2 |  2.2
Armour         | 3 |  3.4
Dodging        | 2 |  2.4
Stealth        | 4 |  4.7
Unarmed Combat | 2 |  2.3
Spellcasting   | 2 |  2.0
Evocations     | 2 |  2.5

Action                   |  1- 3 |  4- 6 || total
-------------------------+-------+-------++-------
Melee: Dagger            |    36 |    20 ||    56
Throw: Stone             |    15 |     3 ||    18
  Use: Scroll            |     5 |       ||     5
       Potion            |     1 |     1 ||     2
 Stab: Sleeping          |     8 |       ||     8
  Eat: Chunk             |     1 |     1 ||     2
Armor: Robe              |     8 |     3 ||    11
Dodge: Dodged            |    13 |    19 ||    32

Table legend:
 A = Spawn XP
 B = Non-spawn XP
 C = Spawn XP percentage of total XP
 D = Spawn monster count
 E = Non-spawn monster count
 F = Spawn count percentage of total count
 G = Total turns spent on level
                    A         B        C        D         E        F      G
               +---------+---------+-------+---------+---------+-------+---------
         Total |       8 |      71 |  10.1 |       2 |      22 |   8.3 |  1569
               +---------+---------+-------+---------+---------+-------+---------
           D:1 |       7 |      11 |  38.9 |       1 |       9 |  10.0 |  1012
           D:2 |       1 |      60 |   1.6 |       1 |      13 |   7.1 |   557
               +---------+---------+-------+---------+---------+-------+---------
